AoeStats
← Reaper20131

Arena

510043035Analyzed
4v4 RM · 2d ago on Sep 29, 2026· 50m 5s· 8 players
Game mode
Random Map
Map size
Large (8 player)
Population
200
Speed
Normal
Resources
Standard
Victory
Conquest
Starting age
Dark Age
Ending age
Imperial Age
RankedLock teamsTeams togetherTeam positionsShared explorationLock speedFull tech treeHidden civsTurbo modeCheats
Victory
Defeat
🇨🇳 Mongols · China
1002
+16
🇺🇸 Hindustanis · United States
986
+17
🇵🇪 Celts · Peru
977
+17
🇵🇪 Malians · Peru
934
+19
🇵🇪 Tatars · Peru
1057
-43
🇹🇼 Franks · Taiwan
1056
-19
🇨🇳 Khmer · China
1001
-17
🇮🇩 Portuguese · Indonesia
894
-13
Reaper20131
4:48 Loom
10:12 Feudal Age
17:38 Castle Age
17:03 Double-Bit Axe
18:21 Squires
18:06 Arson
31:36 Imperial Age
30:16 Wheelbarrow
29:39 Murder Holes
29:52 Padded Archer Armor
29:42 Fletching
29:59 Scale Barding Armor
30:40 Gold Mining
30:58 Bodkin Arrow
31:19 Leather Archer Armor
31:15 Forging
30:54 Horse Collar
31:40 Hand Cart
31:46 Husbandry
33:36 Heavy Camel Rider
34:28 Bloodlines
34:47 Chain Barding Armor
35:02 Iron Casting
34:26 Stone Mining
35:14 Gold Shaft Mining
34:42 Heavy Plow
34:57 Bow Saw
35:43 Imperial Camel Rider
36:35 Town Watch
38:35 Plate Barding Armor
38:23 Town Patrol
41:17 Conscription
40:59 Shatagni
43:35 Blast Furnace
43:07 Ring Archer Armor
43:41 Chemistry
42:47 Siege Engineers
43:03 Ballistics
43:44 Thumb Ring
挺拔的象拔蚌
10:15 Feudal Age
16:53 Castle Age
15:44 Double-Bit Axe
15:40 Horse Collar
15:53 Gold Mining
16:52 Loom
19:18 Stone Mining
19:40 Bow Saw
26:10 Gold Shaft Mining
26:17 Wheelbarrow
26:09 Heavy Plow
30:21 Imperial Age
29:11 Hand Cart
29:07 Town Watch
29:21 Fletching
30:50 Husbandry
31:00 Bloodlines
30:56 Thumb Ring
31:20 Bodkin Arrow
32:10 Parthian Tactics
31:08 Light Cavalry
31:57 Scale Barding Armor
32:30 Conscription
32:19 Town Patrol
32:07 Elite Mangudai
34:24 Bracer
35:36 Forging
35:33 Hussar
36:47 Padded Archer Armor
37:30 Caravan
44:34 Ballistics
45:14 Chemistry
44:22 Siege Engineers
47:16 Leather Archer Armor
47:37 Iron Casting
47:22 Chain Barding Armor
47:42 Drill
LordBoris
6:21 Loom
10:30 Feudal Age
14:23 Double-Bit Axe
16:43 Castle Age
14:39 Double-Bit Axe
16:29 Stone Mining
16:23 Horse Collar
24:21 Gold Mining
25:09 Stronghold
26:03 Fletching
32:24 Imperial Age
31:10 Bow Saw
34:51 Hoardings
36:27 Wheelbarrow
35:39 Town Watch
37:38 Heavy Plow
39:06 Ballistics
39:46 Chemistry
40:24 Conscription
40:59 Hand Cart
41:40 Town Patrol
42:48 Furor Celtica
44:38 Bodkin Arrow
44:43 Padded Archer Armor
44:54 Forging
44:44 Scale Mail Armor
44:50 Scale Barding Armor
44:54 Siege Engineers
44:43 Heated Shot
46:33 Heavy Scorpion
47:10 Elite Woad Raider
Gambitho
12:08 Feudal Age
10:24 Loom
16:01 Castle Age
14:04 Double-Bit Axe
15:38 Stone Mining
16:01 Forging
16:37 Scale Mail Armor
16:39 Gold Mining
17:12 Town Watch
19:20 Squires
27:33 Horse Collar
28:38 Bow Saw
29:06 Gold Shaft Mining
29:02 Heavy Plow
29:16 Fletching
34:46 Imperial Age
32:48 Man-at-Arms
33:14 Arson
35:17 Iron Casting
34:50 Pikeman
35:29 Bodkin Arrow
36:26 Conscription
36:07 Long Swordsman
37:04 Chain Mail Armor
37:19 Fortified Wall
37:20 Masonry
37:32 Ballistics
37:13 Treadmill Crane
36:56 Two-Handed Swordsman
38:44 Coinage
40:41 Chemistry
41:16 Plate Mail Armor
40:59 Champion
42:22 Crop Rotation
46:57 Thumb Ring
46:25 Crossbowman
47:08 Padded Archer Armor
46:59 Arbalester
51:15 Stone Shaft Mining
TTPK4506
10:16 Feudal Age
11:35 Wheelbarrow
14:53 Castle Age
13:41 Double-Bit Axe
13:38 Horse Collar
18:24 Bloodlines
22:36 Fletching
23:08 Bow Saw
25:54 Gold Mining
26:07 Heavy Plow
27:20 Bodkin Arrow
27:34 Pikeman
29:05 Gold Shaft Mining
34:21 Imperial Age
32:42 Squires
33:14 Hand Cart
33:24 Ballistics
34:46 Scale Mail Armor
35:00 Loom
35:33 Bracer
35:09 Halberdier
35:26 Capped Ram
37:55 Chemistry
36:23 Heavy Cavalry Archer
37:48 Town Watch
38:49 Padded Archer Armor
38:40 Arson
38:29 Siege Ram
41:45 Forging
43:04 Leather Archer Armor
44:03 Iron Casting
45:15 Ring Archer Armor
45:38 Fortified Wall
46:36 Timurid Siegecraft
MaxC
4:52 Loom
11:17 Feudal Age
13:00 Double-Bit Axe
13:30 Double-Bit Axe
16:00 Castle Age
15:15 Stone Mining
15:49 Gold Mining
16:52 Bow Saw
20:23 Gold Shaft Mining
22:34 Wheelbarrow
22:35 Fletching
24:23 Scale Barding Armor
24:28 Forging
26:08 Scale Mail Armor
28:21 Hand Cart
29:14 Bodkin Arrow
33:22 Imperial Age
31:59 Chain Barding Armor
32:15 Iron Casting
32:07 Husbandry
32:28 Chain Mail Armor
32:59 Padded Archer Armor
32:23 Ordonnance Companies
33:27 Cavalier
34:51 Plate Barding Armor
35:17 Blast Furnace
35:11 Conscription
36:39 Leather Archer Armor
36:56 Plate Mail Armor
36:31 Chivalry
36:02 Cranequins
36:49 Town Watch
37:17 Paladin
38:33 Town Patrol
39:12 Pikeman
39:27 Elite Throwing Axeman
42:40 Chemistry
41:21 Treadmill Crane
42:03 Ballistics
41:26 Treadmill Crane
41:47 Murder Holes
42:30 Halberdier
44:24 Fervor
44:35 Sanctity
43:59 Heavy Mounted Crossbowman
ayon
0:28 Loom
11:59 Feudal Age
19:33 Castle Age
18:01 Stone Mining
18:03 Gold Mining
20:57 Stone Shaft Mining
22:54 Double-Bit Axe
27:55 Imperial Age
27:17 Wheelbarrow
26:27 Town Watch
35:39 Heated Shot
37:34 Elite Organ Gun
38:18 Husbandry
37:39 Cavalier
帝国斜阳
2:59 Loom
11:26 Feudal Age
15:26 Castle Age
13:42 Double-Bit Axe
13:37 Horse Collar
14:26 Stone Mining
29:16 Fletching
30:59 Wheelbarrow
30:45 Bow Saw
30:36 Heavy Plow
31:14 Gold Mining
32:45 Hand Cart
33:30 Heavy Plow
36:35 Imperial Age
Connection lost

Rejoining the realm…

Still unreachable

The connection could not be restored.

Session expired

The server has moved on; the page needs a fresh start.